 Dungeon Crawl Stone Soup version 0.26.1 (webtiles) character file.

Game seed: 13799303452878808832

316 Gadfly the Unbeliever (level 6, -3/47 HPs)
             Began as a Demonspawn Monk on Feb 8, 2021.
             Killed from afar by Blork the orc (9 damage)
             ... with a magic dart
             ... on level 4 of the Dungeon.
             The game lasted 00:05:33 (4566 turns).

Gadfly the Unbeliever (Demonspawn Monk)             Turns: 4566, Time: 00:05:34

Health: -3/47      AC:  2    Str: 13    XL:     6   Next: 20%
Magic:  8/8        EV: 14    Int: 11    God:
Gold:   123        SH:  0    Dex: 16    Spells: 5/5 levels left

rFire    . . .     SeeInvis .   b - +3 dagger (venom)
rCold    . . .     Faith    .   (no shield)
rNeg     . . .     Spirit   .   k - +0 robe
rPois    +         Reflect  .   (helmet restricted)
rElec    +         Harm     .   (no cloak)
rCorr    +         Rampage  .   (no gloves)
Will     .....                  (no boots)
Stlth    ++........             (no amulet)
HPRegen  0.15/turn              g - ring of poison resistance
MPRegen  0.11/turn              i - ring of resist corrosion (curse)

@: no status effects
A: claws 1, fangs 1, hooves 1, horns 2, powered by death 1, electricity
resistance, subdued magic 1, MP-powered wands
a: no special abilities


You were on level 4 of the Dungeon.
You visited 1 branch of the dungeon, and saw 4 of its levels.

You collected 123 gold pieces.

Inventory:

Hand Weapons
 b - a +3 dagger of venom (weapon)
Armour
 k - a +0 robe (worn)
Jewellery
 g - a ring of poison resistance (left claw)
 i - a cursed ring of resist corrosion (right claw)
Scrolls
 f - 2 scrolls of teleportation
 j - a scroll of fear
Potions
 a - a potion of might
 c - a potion of mutation
 e - 2 potions of attraction
 h - a potion of curing
 l - 2 potions of heal wounds


   Skills:
 - Level 3.0 Fighting
 - Level 2.7 Axes
 - Level 0.7 Armour
 + Level 3.5 Dodging
 - Level 1.7 Stealth
 * Level 3.1 Unarmed Combat
 + Level 3.6 Invocations
 + Level 2.6 Evocations


You had 5 spell levels left.
You didn't know any spells.
Your spell library was empty.

Dungeon Overview and Level Annotations

Branches:
Dungeon (4/15)
 Temple: D:4-7

Altars:
Ashenzari
Elyvilon
Hepliaklqana
Okawaru
Ru
Vehumet

Annotations:
D:4 Blork the orc


Innate Abilities, Weirdness & Mutations

You have sharp fingernails.
You have large cloven feet.
You have a pair of horns on your head.
You regenerate a little health from kills.
You have very sharp teeth.
You are resistant to electric shocks. (rElec)
Your spells are a little easier to cast, but a little less powerful.
You expend magic power (3 MP) to strengthen your wands.


Message History

You are too injured to fight recklessly!
You are too injured to fight recklessly!
You are too injured to fight recklessly!
Unknown command.
You completely miss Blork the orc. You kick Blork the orc.
You headbutt Blork the orc. Your bite misses Blork the orc.
Blork the orc is lightly wounded.
Blork the orc hits you with a +0 glaive!
* * * LOW HITPOINT WARNING * * *
You hit Blork the orc.
Blork the orc is poisoned.
You kick Blork the orc, but do no damage.
Blork the orc is moderately wounded.
Blork the orc misses you.
You hit Blork the orc.
Blork the orc looks as sick as possible!
Your headbutt misses Blork the orc. Your bite misses Blork the orc.
Blork the orc is moderately wounded.
Blork the orc gestures at you while chanting.
The magic dart hits you!
You die...

#.# #. #.# #.# #.
#.# #.# #.##.###.#
#........#
#....(...#
#........#
####........#
......o@....#
#####.......#
#....รท..###.#
##...........#
#........######
#....#..#.....######
#....#......#......#
#....##!#.#.#..###.#
#. ...#.#.#..# #.###


You could see Blork the orc (extremely poisoned).

Vanquished Creatures
  A scorpion (D:4)
  A howler monkey (D:4)
  An orc wizard (D:3)
  2 worker ants (D:4)
  4 adders
  4 worms
  3 dart slugs
  A leopard gecko (D:4)
  7 orcs (D:3)
  A ball python (D:3)
  5 giant cockroaches
  4 goblins
  7 hobgoblins
  12 jackals
  5 quokkas
  7 bats
  15 kobolds
  11 rats
91 creatures vanquished.

Vanquished Creatures (others)
  A plant (D:2)
1 creature vanquished.

Grand Total: 92 creatures vanquished

Notes
Turn   | Place    | Note
-------+----------+-------------------------------------------
     0 | D:1      | Gadfly the Demonspawn Monk began the quest for the Orb.
     0 | D:1      | Reached XP level 1. HP: 18/18 MP: 1/1
   586 | D:1      | Reached skill level 1 in Invocations
   586 | D:1      | Gained mutation: You have sharp fingernails. [demonic
                  | ancestry]
   586 | D:1      | Reached XP level 2. HP: 21/24 MP: 2/2
   921 | D:1      | Reached skill level 1 in Evocations
   926 | D:1      | Reached skill level 1 in Unarmed Combat
  1514 | D:2      | Found an iron altar of Okawaru.
  1514 | D:2      | Found a white marble altar of Elyvilon.
  1514 | D:2      | Found a broken altar of Ashenzari.
  1537 | D:2      | Gained mutation: You have a pair of small horns on your
                  | head. [demonic ancestry]
  1537 | D:2      | Reached XP level 3. HP: 29/29 MP: 4/4
  1716 | D:2      | Found a hazy altar of Hepliaklqana.
  2222 | D:2      | Found a radiant altar of Vehumet.
  2326 | D:2      | Gained mutation: You have a pair of horns on your head.
                  | [demonic ancestry]
  2326 | D:2      | Reached XP level 4. HP: 16/35 MP: 5/5
  2658 | D:2      | Found a sacrificial altar of Ru.
  3611 | D:3      | Gained mutation: You regenerate a little health from kills.
                  | [demonic ancestry]
  3611 | D:3      | Reached XP level 5. HP: 31/41 MP: 5/7
  4256 | D:3      | Gained mutation: Your spells are a little easier to cast,
                  | but a little less powerful. [potion of mutation]
  4256 | D:3      | Gained mutation: You expend magic power (3 MP) to
                  | strengthen your wands. [potion of mutation]
  4256 | D:3      | Gained mutation: You have very sharp teeth. [potion of
                  | mutation]
  4256 | D:3      | Gained mutation: You are resistant to electric shocks.
                  | (rElec) [potion of mutation]
  4331 | D:4      | Gained mutation: You have large cloven feet. [demonic
                  | ancestry]
  4331 | D:4      | Reached XP level 6. HP: 16/47 MP: 8/8
  4559 | D:4      | Noticed Blork the orc
  4566 | D:4      | Killed from afar by Blork the orc

Illustrated notes

Levels and vault maps discovered:
D:1:      psy_arrival_dodecagon, layout_basic, minmay_hexomino_u4
D:2:      layout_basic, vehumet_crystals, nicolae_overflow_crystal_walls,
          gammafunk_temple_overflow_claw, serial_forest,
          infiniplex_forest_straight_1, infiniplex_forest_lined_room_,
          infiniplex_forest_clump_diagonal, infiniplex_forest_zigzag_1,
          infiniplex_forest_lined_corner, infiniplex_forest_lined_3_way,
          infiniplex_forest_clump_diagonal, infiniplex_forest_corner_1,
          nicolae_ru_path_of_blood
D:3:      layout_rooms
D:4:      layout_basic, marbit_many_paths, kennysheep_little_box,
          gammafunk_ghost_smash, corexii_corridor_pit, uniq_blork_the_orc

Skill      XL: |  1  2  3  4  5 |
---------------+----------------+-----
Invocations    | 1 2 3 |  3.6
Evocations     | 1 2 |  2.6
Unarmed Combat | 1 2 3 |  3.1
Dodging        | 3 |  3.5
Fighting       | |  3.0
Axes           | |  2.7
Armour         | |  0.7
Stealth        | |  1.7

Action                   |  1- 3 |  4- 6 || total
-------------------------+-------+-------++-------
Melee: Hand axe          |   137 |    45 ||   182
       Headbutt          |    12 |    23 ||    35
       Punch             |     1 |     1 ||     2
       Unarmed           |       |    38 ||    38
       Dagger            |       |    71 ||    71
       Kick              |       |     5 ||     5
  Use: Scroll            |     4 |     7 ||    11
       Potion            |     1 |     1 ||     2
 Stab: Sleeping          |     1 |     3 ||     4
Armor: Robe              |    21 |    22 ||    43
Dodge: Dodged            |   117 |   120 ||   237
